 Dungeon Sprint DCSS version bcrawl-1.31.3 (webtiles) character file.

Game seed: 9562841247337535934

267213 Groucho the Covered (level 3, -1/37 HPs)
             Began as a Minotaur Fighter on Apr 14, 2021.
             Was an Initiate of Gozag.
             Splashed by an oklob sapling priest's acid (10 damage)
             ... in the Dungeon (Sprint IV: "Fedhas' Mad Dash").
             The game lasted 00:01:01 (144 turns).

Groucho the Covered (Minotaur Fighter)               Turns: 144, Time: 00:01:01

Health: -1/37      AC:  0    Str: 20    XL:     3   Next: 75%
Magic:  1/2        EV:  6    Int:  5    God:    Gozag
Gold:   71         SH: 10    Dex: 10    Spells: 2/2 levels left

rFire    . . .     SeeInvis .   a - +0 war axe
rCold    . . .     Gourm    .   c - +0 medium shield
rNeg     . . .     Faith    .   b - +0 scale mail
rPois    .         Spirit   .   (helmet restricted)
rElec    .         Reflect  .   (no cloak)
rCorr    .         Harm     .   (no gloves)
MR       .....     NoTele   +   (no boots)
Stlth    ..........             m - amulet of invisibility {+Inv}
HPRegen  0.12/turn              (no ring)
MPRegen  0.08/turn              (no ring)

@: corroded, very slightly contaminated
A: retaliatory headbutt, horns 2
a: Potion Petition, Call Merchant, Bribe Branch, Renounce Religion, Evoke
Invisibility


You were in the Dungeon.
You worshipped Gozag.
Gozag was noncommittal.
You were not hungry.

You visited 1 branch You collected 71 gold pieces.

Inventory:

Hand Weapons
 a - a +0 war axe (weapon)
Armour
 b - a +0 scale mail (worn)
 c - a +0 medium shield (worn)
Jewellery
 m - the amulet of invisibility (around neck) {+Inv}
   (You found it in the Dungeon)

   [amulet of nothing]

   It lets you turn invisible.
Scrolls
 k - a scroll of blinking
Potions
 d - a potion of might
 f - a potion of curing
 g - a potion of heal wounds
 h - 2 potions of haste
 i - 2 potions of magic
 j - a potion of berserk rage
Comestibles
 e - a ration {!d}
 l - a chunk of flesh


   Skills:
 + Level 5.7 Fighting
 + Level 5.0 Axes
 + Level 5.7 Armour
 + Level 5.7 Shields


You had 2 spell levels left.
You didn't know any spells.
Your spell library was empty.

Dungeon Overview and Level Annotations

Branches:
Dungeon (1/1)

Altars:
Cheibriados
Dithmenos
Elyvilon
Gozag
Hepliaklqana
Kikubaaqudgha
Lugonu
Makhleb
Nemelex Xobeh
Okawaru
Qazlal
Ru
Sif Muna
Trog
Uskayaw
Vehumet
Wu Jian
Xom
Yredelemnul
Zin
The Shining One
Beogh
Jiyva

Annotations:
D exclusion: oklob sapling


Innate Abilities, Weirdness & Mutations

You reflexively headbutt those who attack you in melee.
You have a pair of horns on your head.


Message History

Found a corrupted altar of Lugonu and a radiant altar of Vehumet.
You flicker for a moment.
There is a hazy altar of Hepliaklqana here.
There is a viscous altar of Jiyva here.
You catch the helpless oklob sapling priest completely off-guard!
You slash the oklob sapling priest! You headbutt the oklob sapling priest.
The oklob sapling priest is severely damaged.
You hit the oklob sapling priest but do no damage.
The oklob sapling priest is severely damaged.
The oklob sapling priest spits acid at you.
The splash of acid hits you. The acid corrodes you!
You are splashed with acid!
You hit the oklob sapling priest but do no damage.
The oklob sapling priest is severely damaged.
You flicker back into view.
The oklob sapling priest spits acid at you.
The splash of acid hits you!
* * * LOW HITPOINT WARNING * * *
The acid corrodes you!
You are splashed with acid!
You die...
Your body crumbles into a pile of gold.

########################
...#.....#.⌠._._._._.⌠.#
$
...'.#[..'.._._.@._._..+
$ $
...#.#...#..._._P_._...#
#######+##.._._._._._..#
$ #._._._._._.⌠.# $
$############### $$ $


You could see an oklob sapling priest.

Vanquished Creatures
  An oklob sapling (D)
  A worker ant (D)
  A river rat (D)
  A rat (D)
4 creatures vanquished.

Notes
Turn   | Place    | Note
-------+----------+-------------------------------------------
     0 | D        | Groucho the Minotaur Fighter began the quest for the Orb.
     0 | D        | Reached XP level 1. HP: 19/19 MP: 0/0
    18 | D        | Reached XP level 2. HP: 14/28 MP: 1/1
   103 | D        | Noticed an oklob sapling
   105 | D        | Killed an oklob sapling
   106 | D        | Reached skill level 5 in Fighting
   106 | D        | Reached skill level 5 in Armour
   106 | D        | Reached skill level 5 in Shields
   106 | D        | Reached XP level 3. HP: 36/36 MP: 2/2
   108 | D        | Found the amulet of invisibility {+Inv}
   110 | D        | Reached skill level 5 in Axes
   132 | D        | Found an opulent altar of Gozag.
   132 | D        | Found a hazy altar of Hepliaklqana.
   132 | D        | Found a roughly hewn altar of Beogh.
   132 | D        | Found a snail-covered altar of Cheibriados.
   133 | D        | Found a viscous altar of Jiyva.
   133 | D        | Found a burning altar of Makhleb.
   133 | D        | Found a sparkling altar of Nemelex Xobeh.
   133 | D        | Found a sacrificial altar of Ru.
   133 | D        | Found a shimmering blue altar of Sif Muna.
   133 | D        | Found a bloodstained altar of Trog.
   133 | D        | Found an ornate altar of the Wu Jian Council.
   133 | D        | Found a shimmering altar of Xom.
   133 | D        | Found a basalt altar of Yredelemnul.
   133 | D        | Noticed an oklob sapling priest
   134 | D        | Found an iron altar of Okawaru.
   134 | D        | Found a shadowy altar of Dithmenos.
   134 | D        | Found a glowing silver altar of Zin.
   135 | D        | Found an ancient bone altar of Kikubaaqudgha.
   135 | D        | Found a hide-covered altar of Uskayaw.
   136 | D        | Found a stormy altar of Qazlal.
   136 | D        | Found a white marble altar of Elyvilon.
   136 | D        | Found a glowing golden altar of the Shining One.
   137 | D        | Became a worshipper of Gozag Ym Sagoz the Greedy
   138 | D        | Found a corrupted altar of Lugonu.
   138 | D        | Found a radiant altar of Vehumet.
   144 | D        | Splashed by an oklob sapling priest's acid

Skill      XL: |  1  2  3 |
---------------+----------+-----
Fighting       | 4 5 |  5.7
Axes           | 3 4 5 |  5.0
Armour         | 4 5 |  5.7
Shields        | 4 5 |  5.7

Action                   || total
-------------------------++-------
Melee: War axe           ||    13
       Headbutt          ||     2
 Abil: Evoke Invisibilit ||     1
 Stab: Invisible         ||     1
Armor: Scale mail        ||     4
Dodge: Dodged            ||     2
Block: Medium shield     ||     3
